 Dungeon Crawl Stone Soup version 0.19-a0-1790-g026f1ef (webtiles) character file.

84 arcticwasd the Skirmisher (level 4, -6/41 HPs)
             Began as a Draconian Berserker on Oct 4, 2016.
             Was a Believer of Trog.
             Mangled by a gnoll
             ... wielding a +0 halberd
              (7 damage)
             ... on level 2 of the Dungeon.
             The game lasted 00:11:46 (1165 turns).

arcticwasd the Skirmisher (Draconian Berserker)     Turns: 1165, Time: 00:11:47

Health: -6/41      AC:  5    Str: 20    XL:     4   Next: 24%
Magic:  4/4        EV:  7    Int:  8    God:    Trog [**....]
Gold:   34         SH:  0    Dex: 10    Spells: 0 memorised, 3 levels left

rFire  . . .     SeeInvis .     a - +0 spear
rCold  . . .     Gourm    .     (armour unavailable)
rNeg   . . .     Faith    .     (no shield)
rPois  .         Spirit   .     (helmet restricted)
rElec  .         Dismiss  .     (no cloak)
rCorr  .         Reflect  .     (no gloves)
MR     .....     Harm     .     (no boots)
Stlth  +.........               (no amulet)
                                (no ring)
                                (no ring)

@: exhausted, held, slowed, very slow
A: unfitting armour, cold-blooded, AC +5
a: Berserk, Trog's Hand, Burn Spellbooks, Renounce Religion


You were on level 2 of the Dungeon.
You worshipped Trog.
Trog was pleased with you.
You were very hungry.

You visited 1 branch of the dungeon, and saw 2 of its levels.

You collected 34 gold pieces.

Inventory:

Hand Weapons
 a - a +0 spear (weapon)
Scrolls
 c - 2 scrolls of identify {unknown}
 h - a scroll of recharging {unknown}
 i - a scroll of remove curse {unknown}
 m - a scroll of enchant armour {unknown}
 n - a scroll of fear {unknown}
 r - a scroll of fog {unknown}
 s - a scroll of random uselessness {unknown}
Potions
 d - a potion of invisibility {unknown}
 e - a potion of ambrosia {unknown}
 f - a potion of resistance {unknown}
 g - 2 potions of brilliance {unknown}
 j - a potion of cancellation {unknown}
 k - a potion of haste {unknown}
 l - a potion of might {unknown}
 q - a potion of degeneration {unknown}
Comestibles
 b - a bread ration
 o - a beef jerky
 p - 2 chunks of flesh
 t - 3 fruits


   Skills:
 + Level 4.4 Fighting
 + Level 3.6 Polearms
 + Level 3.3 Dodging


You had 3 spell levels left.
You didn't know any spells.

Dungeon Overview and Level Annotations

Branches:
Dungeon (2/15)

Altars:


Innate Abilities, Weirdness & Mutations

Your plain brown scales are hard. (AC +5)
You cannot fit into any form of body armour.
You are cold-blooded and may be slowed by cold attacks.


Message History

The adder bites you. The gnoll closely misses you. The adder barely misses you.
The gnoll throws a throwing net.
The throwing net hits you.
You become entangled in the net!
There is a stone staircase leading up here.
You see here a throwing net.
You can't do that while held in a net.
You can't do that while held in a net.
You struggle against the net.
The adder bites you. The adder bites you but does no damage.
You can't do that while held in a net.
You can't do that while held in a net.
You tear a large gash into the net.
The adder barely misses you.
The gnoll hits you from afar with a halberd!
* * * LOW HITPOINT WARNING * * *
The adder barely misses you. The gnoll hits you with a whip.
* * * LOW HITPOINT WARNING * * *
The gnoll hits you with a flail.
* * * LOW HITPOINT WARNING * * *
The gnoll hits you from afar with a halberd!
You die...

## ####### #. ###....[# #.
#...###.#####. #####...#
#.....#.
########.#.#...#######.#.
.......g.................
##.S@......#..####...
####g#g#........# #...
#....g.#.##.....# #...
#.##.#.#.##..#### #...
..g...#.#.##..#######...
...#.####.#.##............
.....#g #.#.. ..#######..#
.... #. #.#.. ...........#
.## .. #.... ............


You could see 4 gnolls and an adder.

Vanquished Creatures
  2 adders
  3 worms
  A dart slug (D:1)
  3 leopard geckos
  A giant cockroach (D:1)
  10 hobgoblins
  4 jackals (D:1)
  7 kobolds
  2 quokkas (D:2)
  6 bats (D:1)
  A frilled lizard (D:1)
  5 goblins
  4 rats (D:1)
49 creatures vanquished.

Notes
Turn   | Place    | Note
-------+----------+-------------------------------------------
     0 | D:1      | arcticwasd the Draconian Berserker began the quest for the Orb.
     0 | D:1      | Reached XP level 1. HP: 19/19 MP: 1/1
   172 | D:1      | Reached XP level 2. HP: 27/27 MP: 2/2
   302 | D:1      | Reached skill level 4 in Fighting
   311 | D:1      | Reached ** piety under Trog
   328 | D:1      | Reached XP level 3. HP: 28/33 MP: 3/3
   908 | D:2      | Reached XP level 4. HP: 32/41 MP: 4/4
  1165 | D:2      | HP: 1/41 [gnoll/flail (4)]
  1165 | D:2      | Mangled by a gnoll

Vault maps used:
D:1:      scummos_arrival_star, serial_bayou, serial_bayou_lagoon_a,
          serial_bayou_pond_b, serial_bayou_pond_b, serial_bayou_shore_b
D:2:      kiku_gazebo_pond_becter

Skill      XL: |  1  2  3 |
---------------+----------+-----
Fighting       | 4 |  4.4
Dodging        | 3 |  3.3
Polearms       | |  3.6

Action                   |  1- 3 |  4- 6 || total
-------------------------+-------+-------++-------
Melee: Spear             |   169 |    29 ||   198
       Tailslap          |    21 |     2 ||    23
Invok: Berserk           |     1 |     1 ||     2
  Eat: Chunk             |     1 |     1 ||     2
Armor: Skin              |    44 |     7 ||    51
Dodge: Dodged            |   108 |    23 ||   131
